General information
- name: BNet
- type: Ladder team game (AT/RT)
- host: Battle.net
- saver: WeSaidDestroy
map: Battleground
- players: 8
- length: 36:46
- speed: Fast
- version: 1.26 W3XP
- replay type: Public
» download(231 KB)
Players
team 1 (loser)

»
THEBESTEVA (
green | 48 APM | 901 actions | 18:37)
5 Death Knight
3 Death Coil
2 Unholy Aura
» actions
| Assign group hotkey | 117 | |
| Basic commands | 7 | |
| Build / train | 47 | |
| Enter build submenu | 12 | |
| Enter hero's abilities submenu | 5 | |
| Give item / drop item | 2 | |
| Right click | 260 | |
| Select / deselect | 184 | |
| Select group hotkey | 227 | |
| Use ability | 38 | |
901 total
» units
| Acolyte | 3 | |
| Ghoul | 3 | |
| Crypt Fiend | 12 | |
| Forest Troll Shadow Priest | 1 | |
| Forest Troll Berserker | 1 | |
| Mud Golem | 1 | |
| Frost Wyrm | 3 | |
24 total
» upgrades
| Creature Attack | 2 | |
| Creature Carapace | 1 | |
| Web | 1 | |
4 total
» buildings
| Crypt | 1 | |
| Ziggurat | 5 | |
| Altar of Darkness | 1 | |
| Graveyard | 1 | |
| Tomb of Relics | 1 | |
| Nerubian Tower | 1 | |
| Halls of the Dead | 1 | |
| Sacrificial Pit | 1 | |
| Black Citadel | 1 | |
| Boneyard | 2 | |
| Spirit Tower | 3 | |
18 total
» build order
00:20 Crypt
00:26 Ziggurat
00:37 Altar of Darkness
00:58 Graveyard
01:34 Tomb of Relics
02:01 Nerubian Tower
02:03 Ziggurat
04:36 Halls of the Dead
04:41 Ziggurat
07:08 Ziggurat
07:24 Sacrificial Pit
07:38 Ziggurat
09:58 Black Citadel
12:38 Boneyard
12:43 Boneyard
13:43 Spirit Tower
13:45 Spirit Tower
15:20 Spirit Tower
» items
| Rod of Necromancy | 1 | |
| Boots of Speed | 1 | |
| Potion of Healing | 2 | |
| Healing Salve | 1 | |
| Scroll of Town Portal | 2 | |
7 total
LEVYATANN (
pink | 31 APM | 707 actions | 22:29)
2 Blademaster
1 Wind Walk
1 Critical Strike
1 Shadow Hunter
1 Hex
» actions
| Assign group hotkey | 4 | |
| Basic commands | 1 | |
| Build / train | 38 | |
| ESC pressed | 1 | |
| Enter build submenu | 14 | |
| Enter hero's abilities submenu | 4 | |
| Give item / drop item | 2 | |
| Remove unit from queue | 2 | |
| Right click | 457 | |
| Select / deselect | 100 | |
| Select group hotkey | 44 | |
| Use ability | 39 | |
707 total
» units
» upgrades
| Ranged Weapons | 2 | |
| Armor | 1 | |
| Liquid Fire | 1 | |
4 total
» buildings
| Altar of Storms | 1 | |
| Orc Burrow | 7 | |
| Voodoo Lounge | 1 | |
| War Mill | 1 | |
| Stronghold | 1 | |
| Beastiary | 2 | |
| Fortress | 1 | |
14 total
» build order
00:10 Altar of Storms
00:17 Orc Burrow
01:07 Voodoo Lounge
01:23 War Mill
02:44 Stronghold
03:30 Orc Burrow
03:32 Orc Burrow
03:33 Orc Burrow
05:13 Beastiary
05:17 Beastiary
05:22 Orc Burrow
05:24 Orc Burrow
07:37 Fortress
07:55 Orc Burrow
» items
| Healing Salve | 1 | |
| Lesser Clarity Potion | 2 | |
| Periapt of Vitality | 1 | |
| Boots of Speed | 1 | |
5 total
BattleRoyale (
blue | 59 APM | 2155 actions | 36:46)
7 Archmage
3 Summon Water Elemental
3 Brilliance Aura
1 Mass Teleport
» actions
| Assign group hotkey | 49 | |
| Basic commands | 177 | |
| Build / train | 96 | |
| Enter build submenu | 50 | |
| Enter hero's abilities submenu | 7 | |
| Give item / drop item | 1 | |
| Remove unit from queue | 1 | |
| Right click | 611 | |
| Select / deselect | 486 | |
| Select group hotkey | 539 | |
| Use ability | 138 | |
2155 total
» units
| Peasant | 14 | |
| Footman | 2 | |
| Rifleman | 18 | |
| Priest | 11 | |
45 total
» upgrades
| Gunpowder | 3 | |
| Armor | 3 | |
| Lumber Harvesting | 2 | |
| Priest Training | 2 | |
| Long Rifles | 1 | |
| Masonry | 3 | |
| Magic Sentry | 1 | |
15 total
» buildings
| Altar of Kings | 1 | |
| Barracks | 2 | |
| Farm | 9 | |
| Blacksmith | 1 | |
| Keep | 1 | |
| Arcane Vault | 1 | |
| Lumber Mill | 2 | |
| Arcane Sanctum | 1 | |
| Castle | 1 | |
| Scout Tower | 33 | |
| Guard Tower | 13 | |
| Town Hall | 2 | |
67 total
» build order
00:38 Altar of Kings
00:42 Barracks
00:50 Farm
01:05 Farm
01:34 Blacksmith
01:56 Farm
02:28 Farm
04:07 Farm
04:09 Farm
04:23 Keep
04:59 Arcane Vault
05:18 Lumber Mill
06:13 Farm
07:20 Arcane Sanctum
07:24 Barracks
08:46 Farm
10:11 Castle
14:04 Scout Tower
14:08 Scout Tower
14:10 Scout Tower
14:11 Farm
14:13 Scout Tower
14:14 Scout Tower
14:16 Scout Tower
14:23 Scout Tower
14:23 Scout Tower
14:48 Guard Tower
14:52 Guard Tower
15:08 Guard Tower
15:09 Guard Tower
15:59 Lumber Mill
26:10 Scout Tower
26:10 Scout Tower
26:11 Scout Tower
26:11 Scout Tower
26:13 Scout Tower
27:08 Town Hall
27:13 Guard Tower
27:15 Scout Tower
27:15 Scout Tower
27:29 Scout Tower
27:30 Scout Tower
27:33 Scout Tower
27:53 Guard Tower
27:58 Guard Tower
28:01 Guard Tower
28:03 Guard Tower
28:24 Scout Tower
28:27 Scout Tower
28:57 Guard Tower
31:50 Scout Tower
31:51 Scout Tower
31:51 Scout Tower
31:54 Scout Tower
31:54 Scout Tower
31:55 Scout Tower
31:56 Scout Tower
31:57 Scout Tower
31:58 Scout Tower
33:00 Town Hall
33:03 Scout Tower
33:03 Scout Tower
33:04 Scout Tower
33:04 Scout Tower
33:10 Guard Tower
33:26 Guard Tower
35:13 Guard Tower
» items
| Lesser Clarity Potion | 1 | |
| Scroll of Town Portal | 4 | |
| Scroll of Regeneration | 1 | |
| Mechanical Critter | 6 | |
12 total
goblin-was-mad. (
red | 63 APM | 2310 actions | 36:46)
6 Paladin
3 Holy Light
2 Divine Shield
1 Resurrection
» actions
| Assign group hotkey | 66 | |
| Basic commands | 39 | |
| Build / train | 68 | |
| Enter build submenu | 21 | |
| Enter hero's abilities submenu | 7 | |
| Give item / drop item | 8 | |
| Right click | 978 | |
| Select / deselect | 228 | |
| Select group hotkey | 770 | |
| Use ability | 125 | |
2310 total
» units
| Peasant | 17 | |
| Dragonhawk Rider | 11 | |
| Sorceress | 1 | |
29 total
» upgrades
| Masonry | 2 | |
| Lumber Harvesting | 1 | |
| Sorceress Training | 2 | |
| Cloud | 1 | |
6 total
» buildings
| Altar of Kings | 1 | |
| Lumber Mill | 1 | |
| Farm | 13 | |
| Scout Tower | 8 | |
| Arcane Tower | 2 | |
| Guard Tower | 5 | |
| Arcane Vault | 1 | |
| Keep | 1 | |
| Arcane Sanctum | 1 | |
| Gryphon Aviary | 3 | |
| Castle | 1 | |
37 total
» build order
00:07 Altar of Kings
00:23 Lumber Mill
00:36 Farm
00:53 Scout Tower
01:27 Arcane Tower
01:31 Farm
01:36 Scout Tower
01:40 Scout Tower
01:59 Scout Tower
02:15 Arcane Tower
02:27 Guard Tower
02:42 Guard Tower
02:51 Arcane Vault
03:34 Keep
03:41 Scout Tower
03:42 Scout Tower
04:10 Scout Tower
04:12 Scout Tower
04:16 Guard Tower
04:43 Guard Tower
05:22 Guard Tower
05:59 Arcane Sanctum
06:01 Gryphon Aviary
06:43 Gryphon Aviary
06:46 Castle
06:50 Farm
07:53 Gryphon Aviary
07:56 Farm
07:57 Farm
07:57 Farm
07:58 Farm
07:59 Farm
07:59 Farm
10:50 Farm
10:50 Farm
10:51 Farm
10:51 Farm
» items
| Mechanical Critter | 2 | |
| Scroll of Regeneration | 2 | |
| Staff of Teleportation | 1 | |
| Potion of Mana | 2 | |
| Potion of Invisibility | 1 | |
| Potion of Healing | 2 | |
| Scroll of Town Portal | 5 | |
| Staff of Sanctuary | 1 | |
16 total
team 2 (winner)

»
goates (
orange | 46 APM | 1392 actions | 29:56)
4 Dark Ranger
2 Black Arrow
2 Silence
3 Death Knight
2 Death Coil
1 Death Pact
2 Lich
1 Frost Nova
1 Frost Armor
» actions
| Basic commands | 13 | |
| Build / train | 61 | |
| Enter build submenu | 18 | |
| Enter hero's abilities submenu | 9 | |
| Give item / drop item | 2 | |
| Right click | 668 | |
| Select / deselect | 562 | |
| Use ability | 58 | |
1392 total
» units
| Acolyte | 12 | |
| Ghoul | 4 | |
| Crypt Fiend | 8 | |
| Frost Wyrm | 8 | |
32 total
» upgrades
| Web | 1 | |
| Creature Attack | 1 | |
| Creature Carapace | 1 | |
| Freezing Breath | 1 | |
4 total
» buildings
| Ziggurat | 8 | |
| Crypt | 1 | |
| Altar of Darkness | 1 | |
| Graveyard | 1 | |
| Nerubian Tower | 2 | |
| Tomb of Relics | 1 | |
| Halls of the Dead | 1 | |
| Sacrificial Pit | 1 | |
| Black Citadel | 1 | |
| Spirit Tower | 2 | |
| Boneyard | 3 | |
22 total
» build order
00:10 Ziggurat
00:13 Crypt
00:41 Altar of Darkness
01:03 Graveyard
01:40 Ziggurat
01:50 Nerubian Tower
02:33 Tomb of Relics
03:22 Ziggurat
04:18 Nerubian Tower
04:56 Halls of the Dead
05:26 Ziggurat
07:22 Sacrificial Pit
07:50 Ziggurat
08:42 Black Citadel
10:11 Spirit Tower
13:00 Boneyard
13:07 Boneyard
13:10 Boneyard
14:11 Ziggurat
20:27 Ziggurat
20:39 Ziggurat
27:00 Spirit Tower
» items
| Dust of Appearance | 1 | |
| Circlet of Nobility | 1 | |
| Orb of Corruption | 1 | |
| Boots of Speed | 1 | |
| Scroll of Town Portal | 3 | |
7 total

»
mattybatty (
purple | 48 APM | 1632 actions | 33:53)
5 Priestess of the Moon
2 Scout
3 Trueshot Aura
» actions
| Assign group hotkey | 15 | |
| Basic commands | 36 | |
| Build / train | 79 | |
| Enter build submenu | 30 | |
| Enter hero's abilities submenu | 5 | |
| Remove unit from queue | 12 | |
| Right click | 693 | |
| Select / deselect | 292 | |
| Select group hotkey | 378 | |
| Use ability | 92 | |
1632 total
» units
| Wisp | 35 | |
| Huntress | 8 | |
| Mountain Giant | 8 | |
51 total
» upgrades
» buildings
| Moon Well | 8 | |
| Altar of Elders | 2 | |
| Hunter's Hall | 1 | |
| Ancient of War | 2 | |
| Tree of Ages | 1 | |
| Ancient of Wonders | 1 | |
| Ancient of Wind | 3 | |
| Ancient of Lore | 2 | |
| Tree of Life | 8 | |
28 total
» build order
00:14 Moon Well
00:30 Altar of Elders
01:25 Hunter's Hall
01:43 Moon Well
02:19 Ancient of War
02:23 Ancient of War
02:39 Moon Well
04:45 Tree of Ages
05:25 Moon Well
06:25 Ancient of Wonders
07:33 Ancient of Wind
07:37 Ancient of Wind
07:43 Ancient of Wind
07:46 Ancient of Lore
07:59 Ancient of Lore
10:35 Moon Well
11:38 Moon Well
13:49 Tree of Life
14:25 Tree of Life
18:02 Tree of Life
18:40 Tree of Life
24:06 Moon Well
24:16 Tree of Life
24:39 Tree of Life
28:37 Tree of Life
30:25 Tree of Life
32:55 Altar of Elders
33:01 Moon Well
» items
| Scroll of Town Portal | 1 | |
| Potion of Lesser Invulnerability | 3 | |
4 total

»
Redneck (
teal | 48 APM | 1753 actions | 36:46)
6 Death Knight
3 Death Coil
2 Unholy Aura
1 Animate Dead
4 Lich
2 Frost Nova
2 Frost Armor
» actions
| Assign group hotkey | 49 | |
| Basic commands | 104 | |
| Build / train | 71 | |
| Enter build submenu | 15 | |
| Enter hero's abilities submenu | 10 | |
| Give item / drop item | 3 | |
| Remove unit from queue | 2 | |
| Right click | 672 | |
| Select / deselect | 223 | |
| Select group hotkey | 520 | |
| Use ability | 84 | |
1753 total
» units
| Acolyte | 19 | |
| Ghoul | 3 | |
| Crypt Fiend | 13 | |
| Obsidian Statue | 3 | |
38 total
» upgrades
| Creature Attack | 3 | |
| Web | 1 | |
| Destroyer Form | 1 | |
| Creature Carapace | 2 | |
| Burrow | 1 | |
8 total
» buildings
| Graveyard | 1 | |
| Crypt | 1 | |
| Altar of Darkness | 1 | |
| Ziggurat | 6 | |
| Tomb of Relics | 2 | |
| Nerubian Tower | 1 | |
| Halls of the Dead | 1 | |
| Black Citadel | 1 | |
| Slaughterhouse | 1 | |
| Necropolis | 1 | |
| Spirit Tower | 1 | |
17 total
» build order
00:25 Graveyard
00:34 Crypt
00:51 Altar of Darkness
01:06 Ziggurat
01:21 Tomb of Relics
02:08 Ziggurat
02:39 Nerubian Tower
04:03 Ziggurat
05:09 Halls of the Dead
06:13 Ziggurat
07:32 Black Citadel
09:02 Slaughterhouse
10:52 Ziggurat
10:52 Ziggurat
14:13 Necropolis
15:24 Spirit Tower
20:39 Tomb of Relics
» items
| Rod of Necromancy | 1 | |
| Orb of Corruption | 1 | |
| Scroll of Town Portal | 4 | |
| Dust of Appearance | 1 | |
7 total
WeSaidDestroy (
yellow | 102 APM | 3756 actions | 36:46)
6 Archmage
3 Summon Water Elemental
2 Brilliance Aura
1 Mass Teleport
» actions
| Assign group hotkey | 59 | |
| Basic commands | 350 | |
| Build / train | 151 | |
| ESC pressed | 21 | |
| Enter build submenu | 43 | |
| Enter hero's abilities submenu | 6 | |
| Give item / drop item | 3 | |
| Right click | 959 | |
| Select / deselect | 441 | |
| Select group hotkey | 1465 | |
| Use ability | 258 | |
3756 total
» units
| Peasant | 14 | |
| Footman | 6 | |
| Rifleman | 16 | |
| Gryphon Rider | 6 | |
| Dragonhawk Rider | 3 | |
45 total
» upgrades
| Gunpowder | 3 | |
| Masonry | 3 | |
| Armor | 3 | |
| Long Rifles | 1 | |
| Lumber Harvesting | 2 | |
| Swords | 3 | |
| Animal War Training | 1 | |
| Storm Hammers | 1 | |
| Cloud | 1 | |
18 total
» buildings
| Altar of Kings | 1 | |
| Barracks | 1 | |
| Farm | 15 | |
| Lumber Mill | 1 | |
| Arcane Vault | 1 | |
| Blacksmith | 1 | |
| Scout Tower | 17 | |
| Arcane Tower | 9 | |
| Keep | 8 | |
| Town Hall | 2 | |
| Guard Tower | 28 | |
| Castle | 4 | |
| Gryphon Aviary | 2 | |
90 total
» build order
00:57 Altar of Kings
00:59 Barracks
01:02 Farm
01:11 Farm
01:35 Farm
01:39 Farm
01:50 Lumber Mill
02:20 Arcane Vault
02:36 Blacksmith
02:46 Scout Tower
02:59 Scout Tower
03:17 Arcane Tower
03:17 Arcane Tower
04:11 Arcane Tower
04:25 Keep
04:25 Keep
04:25 Keep
05:13 Farm
05:14 Farm
05:47 Farm
06:28 Farm
06:57 Farm
09:17 Town Hall
09:33 Scout Tower
09:36 Scout Tower
09:37 Scout Tower
09:38 Scout Tower
09:39 Scout Tower
09:40 Scout Tower
09:42 Scout Tower
09:44 Scout Tower
09:45 Scout Tower
09:52 Scout Tower
10:03 Guard Tower
10:03 Guard Tower
10:04 Guard Tower
10:33 Arcane Tower
10:33 Arcane Tower
10:33 Arcane Tower
10:42 Guard Tower
10:42 Guard Tower
11:35 Guard Tower
11:35 Guard Tower
11:35 Guard Tower
11:35 Guard Tower
11:56 Guard Tower
12:13 Guard Tower
13:10 Castle
13:10 Castle
13:10 Castle
13:51 Gryphon Aviary
14:26 Keep
14:27 Keep
14:27 Keep
15:04 Gryphon Aviary
15:06 Scout Tower
15:09 Scout Tower
15:45 Guard Tower
15:46 Guard Tower
19:20 Farm
19:21 Farm
20:32 Farm
20:34 Farm
21:17 Scout Tower
21:18 Scout Tower
21:19 Scout Tower
21:49 Guard Tower
21:49 Guard Tower
21:49 Guard Tower
21:51 Guard Tower
21:51 Guard Tower
21:52 Guard Tower
21:52 Guard Tower
21:53 Guard Tower
30:06 Town Hall
32:23 Farm
32:24 Farm
» items
| Scroll of Regeneration | 6 | |
| Staff of Teleportation | 1 | |
| Scroll of Town Portal | 3 | |
| Orb of Corruption | 1 | |
| Potion of Healing | 2 | |
13 total
Chat log
(03:30 / All) goblin-was-mad.: do you guys think kobe bryant is a criminal?
(03:42 / All) BattleRoyale: yes
(03:49 / All) goblin-was-mad.: he had a rape charge against him
(04:03 / All) goblin-was-mad.: although the defendant settled with a civil case
(05:51 / All) BattleRoyale: lol
(05:52 / All) BattleRoyale: sure
(06:01 / All) BattleRoyale: that NE mhs
(07:04 / All) WeSaidDestroy: garbage
(08:27 / All) BattleRoyale: teal goes straight for my army lol
(10:06 / All) BattleRoyale: wyrm bots and NE mher
(10:32 / All) BattleRoyale: they even killed the sentry ward
(12:09 / All) BattleRoyale: moron fucking jacob
(12:37 / All) BattleRoyale: 2v3
(12:41 / All) BattleRoyale: tyhat battle
(12:41 / Allies) WeSaidDestroy: wood
(14:44 / All) THEBESTEVA: im sry u guys had to see this
(15:49 / Allies) WeSaidDestroy: wood
(15:53 / Allies) WeSaidDestroy: help the war effort
(16:29 / Allies) WeSaidDestroy: Orange you have 900 wood
(16:32 / Allies) WeSaidDestroy: Give me a bit of it
(16:34 / Allies) WeSaidDestroy: I could use it
(17:14 / Allies) WeSaidDestroy: Wood me you lumber hoarders
(17:16 / Allies) WeSaidDestroy: I'm in need of it
(17:42 / Allies) WeSaidDestroy: You have 1k wood orange
(17:54 / Allies) WeSaidDestroy: ty
(18:12 / All) BattleRoyale: he knew to come back
(18:20 / All) BattleRoyale: perfectly legitimate
(18:24 / All) WeSaidDestroy: He has owls
(18:30 / All) BattleRoyale: teal does?
(18:35 / All) WeSaidDestroy: Purple
(18:42 / All) BattleRoyale: teal came back because he saw red far off
(19:31 / All) BattleRoyale: faggot green couldn't give gold
(21:19 / All) BattleRoyale: nice one purple
(21:28 / All) BattleRoyale: Purple 100% has mh
(21:34 / All) BattleRoyale: he's covert hacker
(21:47 / All) mattybatty: i never hacked once
(21:54 / All) BattleRoyale: Sure you don't you fucking faggot
(21:58 / All) mattybatty: actually idk how to even do that
(22:02 / All) BattleRoyale: mmhmm
(24:07 / All) goblin-was-mad.: teal ur such a faggot lol
(24:25 / All) WeSaidDestroy: He's a dead faggot
(25:30 / Allies) goates: why yw
(25:39 / Allies) WeSaidDestroy: Because I don't like you
(27:03 / All) WeSaidDestroy: hero focusing faggot
(28:16 / All) goblin-was-mad.: if purple wasnt hackign then teal was, he tped way too soon at his base
(28:23 / All) mattybatty: i am not hacking dude
(28:33 / All) goblin-was-mad.: i did not encounter u so id ont know
(28:36 / All) goblin-was-mad.: teal i do know
(28:43 / All) Redneck: no i dont
(28:55 / All) BattleRoyale: I personally believe both teal and purple mh
(28:59 / All) goblin-was-mad.: how the fuck did u tp so fast ur base with my 4hawks
(29:00 / All) Redneck: u have mh
(29:05 / All) WeSaidDestroy: lol
(29:06 / All) Redneck: intelligence
(29:07 / All) BattleRoyale: Mhmm
(30:55 / All) WeSaidDestroy: had a tp and invul potions
(30:57 / All) WeSaidDestroy: just lets the hero die
(31:08 / Allies) mattybatty: i didnt see it
(31:14 / Allies) mattybatty: get aa
(31:21 / Allies) WeSaidDestroy: You lose
(31:23 / Allies) WeSaidDestroy: I am killing you
(31:29 / Allies) WeSaidDestroy: I am killing you, orange and teal
(32:13 / All) WeSaidDestroy: These fags don't want to leave
(33:33 / All) mattybatty: o yellow is killig everything
(33:38 / All) WeSaidDestroy: yes I am
(33:38 / All) BattleRoyale: We know
(33:50 / All) mattybatty: o ok
(33:51 / All) WeSaidDestroy: I told you
(33:52 / All) WeSaidDestroy: You lose
(33:54 / All) WeSaidDestroy: Orange loses
(33:56 / All) BattleRoyale: Game was rigged
(34:01 / All) BattleRoyale: like he tried to do with his fucking hack
(34:10 / All) BattleRoyale: 2 mhers on your side I bet
(34:11 / All) goblin-was-mad.: teal im gonna rewatch this game u had to have hacked
(34:37 / All) BattleRoyale: teal was brazen and purple covert
(36:11 / All) BattleRoyale: when they went to creep teal went right to my army
(36:17 / All) BattleRoyale: when I was gonna jack
(36:24 / All) BattleRoyale: no owl scout or sentinel
(36:40 / All) BattleRoyale: then he swung back to try to take me out and green when jacob was far off